AoeStats
← AxingQuestions

Nomad

510206798Analyzed
4v4 RM · 19h ago on Sep 29, 2026· 50m 45s· 8 players
Game mode
Random Map
Map size
231×231
Population
200
Speed
Normal
Resources
Standard
Victory
Conquest
Starting age
Dark Age
Ending age
Imperial Age
RankedLock teamsTeams togetherTeam positionsShared explorationLock speedFull tech treeHidden civsTurbo modeCheats
Victory
Defeat
🇹🇷 Sicilians · Türkiye
1324
+13
🇹🇷 Huns · Türkiye
1247
+16
🇺🇸 Spanish · United States
1216
+18
🇦🇺 Persians · Australia
1181
+19
🇧🇷 Tatars · Brazil
1367
-21
🇧🇷 Vietnamese · Brazil
1311
-19
🇺🇸 Vikings · United States
1250
-16
🇧🇷 Magyars · Brazil
1088
-10
AxingQuestions
12:42 Loom
15:28 Feudal Age
19:35 Castle Age
17:53 Double-Bit Axe
22:22 Gold Mining
23:41 Horse Collar
29:46 Bow Saw
33:32 Fletching
34:52 Bodkin Arrow
35:25 Medium Warships
34:56 Fishing Lines
36:31 Ballistics
37:19 Murder Holes
38:49 Gillnets
40:01 Heavy Plow
42:43 Imperial Age
41:37 Masonry
41:17 Crossbowman
42:30 Town Watch
42:48 Padded Archer Armor
43:54 Architecture
44:27 Chemistry
43:38 Bracer
43:42 Elite Skirmisher
43:46 Arbalester
46:42 Two-Man Saw
45:35 Imperial Skirmisher
48:00 Conscription
50:52 Hoardings
nborgesfilho
11:02 Loom
13:55 Feudal Age
15:54 Wheelbarrow
23:08 Castle Age
22:59 Scale Mail Armor
23:22 Man-at-Arms
32:17 Pikeman
35:20 Horse Collar
37:36 Ballistics
37:07 Fletching
38:04 Heavy Plow
44:25 Imperial Age
42:21 Bodkin Arrow
42:53 Padded Archer Armor
43:51 Thumb Ring
45:30 Bracer
Cabra da Peste
5:15 Loom
15:18 Feudal Age
21:48 Castle Age
20:51 Bloodlines
21:21 Scale Barding Armor
23:19 Horse Collar
27:09 Chain Barding Armor
28:09 Husbandry
28:39 Corvinian Army
29:17 Pikeman
30:08 Double-Bit Axe
37:39 Wheelbarrow
41:54 Hand Cart
dionathanbh
6:05 Loom
16:13 Feudal Age
23:40 Forging
23:35 Scale Barding Armor
28:16 Castle Age
30:00 Double-Bit Axe
32:11 Fletching
33:03 Gold Mining
33:43 Bodkin Arrow
33:49 Padded Archer Armor
37:03 Ballistics
38:02 Wheelbarrow
38:33 Gold Shaft Mining
39:48 Hand Cart
40:13 Husbandry
43:02 Silk Armor
43:32 Leather Archer Armor
50:40 Imperial Age
HotHardFatherDaddy
5:59 Loom
24:37 Feudal Age
26:27 Fletching
31:16 Wheelbarrow
30:37 Town Watch
30:42 Horse Collar
32:47 Fishing Lines
35:21 Castle Age
35:10 Scale Mail Armor
35:20 Forging
38:03 Bodkin Arrow
39:43 Redemption
43:56 Murder Holes
46:52 Pikeman
50:06 Double-Bit Axe
EşrefÇift
3:39 Loom
15:32 Feudal Age
16:56 Double-Bit Axe
16:59 Horse Collar
19:36 Castle Age
17:58 Fletching
18:07 Gold Mining
18:42 Fishing Lines
19:48 Stone Mining
21:12 Bow Saw
23:23 Heavy Plow
24:53 Ballistics
26:52 Padded Archer Armor
27:42 Bloodlines
30:30 Scale Barding Armor
30:44 Leather Archer Armor
30:35 Marauders
31:12 Gillnets
32:54 Thumb Ring
33:15 Chain Barding Armor
34:06 Wheelbarrow
35:37 Gold Shaft Mining
39:14 Imperial Age
37:04 Hand Cart
36:35 Town Watch
37:04 Forging
37:09 Masonry
37:51 Husbandry
38:09 Town Patrol
38:22 Squires
37:43 Pikeman
38:08 Arson
40:36 Plate Barding Armor
39:57 Bodkin Arrow
40:26 Conscription
40:46 Cavalier
40:56 Halberdier
42:08 Elite Tarkan
43:22 Light Cavalry
44:14 Scale Mail Armor
44:50 Iron Casting
44:17 Bracer
46:47 Chemistry
45:15 Hussar
47:02 Chain Mail Armor
47:48 Blast Furnace
47:45 Elite Skirmisher
50:07 Two-Man Saw
Hekimoglu
5:34 Loom
13:42 Feudal Age
14:10 Double-Bit Axe
14:09 Fishing Lines
15:33 Wheelbarrow
21:46 Castle Age
19:50 Gold Mining
22:48 Medium Warships
22:49 Gillnets
24:32 Bow Saw
24:12 Town Watch
26:29 Hand Cart
29:21 Fletching
31:32 Gold Shaft Mining
30:51 Stone Mining
32:26 Bodkin Arrow
34:40 Stone Shaft Mining
37:03 Horse Collar
37:30 Scale Mail Armor
38:30 Ballistics
41:19 Imperial Age
39:26 Chain Mail Armor
39:22 Forging
41:27 Squires
41:13 Arson
42:05 Iron Casting
41:23 Elite Serjeant
42:33 Conscription
42:49 Hoardings
42:48 Plate Mail Armor
41:46 Capped Ram
44:27 Chemistry
43:18 Heated Shot
43:29 Bracer
46:07 Blast Furnace
46:27 Padded Archer Armor
47:50 Masonry
47:35 Murder Holes
47:47 Siphons
49:29 Siege Ram
51:21 Heavy Plow
theonlygriffin
10:53 Loom
18:22 Feudal Age
19:25 Fishing Lines
23:24 Castle Age
21:21 Stone Mining
21:24 Double-Bit Axe
26:55 Fletching
29:19 Scale Barding Armor
30:53 Wheelbarrow
30:03 Town Watch
30:33 Gillnets
34:08 Gold Mining
37:25 Bow Saw
37:54 Chain Barding Armor
37:45 Forging
39:41 Kamandaran
39:54 Bodkin Arrow
40:00 Padded Archer Armor
40:38 Medium Warships
41:55 Crossbowman
42:41 Thumb Ring
43:29 Leather Archer Armor
43:47 Horse Collar
46:12 Gold Shaft Mining
46:12 Stone Shaft Mining
50:32 Imperial Age
50:31 Iron Casting
51:22 Conscription
Connection lost

Rejoining the realm…

Still unreachable

The connection could not be restored.

Session expired

The server has moved on; the page needs a fresh start.